 Dungeon Crawl Stone Soup version 0.19-a0-1792-g28b16ba (webtiles) character file.

71 epen the Poker (level 4, -3/37 HPs)
             Began as a Merfolk Monk on Oct 4, 2016.
             Slain by an adder (4 damage)
             ... on level 3 of the Dungeon.
             The game lasted 00:02:23 (2123 turns).

epen the Poker (Merfolk Monk)                       Turns: 2123, Time: 00:02:23

Health: -3/37      AC:  3    Str: 12    XL:     4   Next: 24%
Magic:  4/4        EV: 14    Int:  9    God:
Gold:   73         SH:  0    Dex: 16    Spells: 0 memorised, 3 levels left

rFire  + . .     SeeInvis .     a - +0 spear
rCold  . . .     Gourm    .     d - +0 leather armour {rF+}
rNeg   . . .     Faith    .     (no shield)
rPois  .         Spirit   .     (no helmet)
rElec  .         Dismiss  .     (no cloak)
rCorr  .         Reflect  .     (no gloves)
MR     .....     Harm     .     (no boots)
Stlth  +.........               (no amulet)
                                (no ring)
                                (no ring)

@: confused
A: change form in water, swift swim, stealthy swim
a: no special abilities


You were on level 3 of the Dungeon.
You were very hungry.

You visited 1 branch of the dungeon, and saw 3 of its levels.

You collected 73 gold pieces.

Inventory:

Hand Weapons
 a - a +0 spear (weapon)
Missiles
 o - a throwing net (quivered)
Armour
 b - a +0 robe
 d - a +0 leather armour of fire resistance (worn)
Scrolls
 e - a scroll of teleportation {unknown}
 g - 2 scrolls of noise {unknown}
 h - a scroll of amnesia {unknown}
 l - a scroll of magic mapping {unknown}
 m - 3 scrolls of identify {unknown}
 n - a scroll of enchant weapon {unknown}
Potions
 i - a potion of lignification {unknown}
 j - 2 potions of curing {unknown}
Comestibles
 c - 3 bread rations
 f - a fruit
 k - 2 meat rations


   Skills:
 + Level 4.0 Fighting
 + Level 4.9 Polearms
 * Level 1.6 Armour
 + Level 4.3 Dodging
 - Level 2.1 Stealth


You had 3 spell levels left.
You didn't know any spells.

Dungeon Overview and Level Annotations

Branches:
Dungeon (3/15)

Altars:

Annotations:
D:3 Sigmund


Message History

You are too confused!
You barely miss the orc.
The orc is severely wounded.
A magic dart appears from out of thin air!
The magic dart hits you! The orc closely misses you.
An adder comes into view.
You are too confused!
Something hits you!
* * * LOW HITPOINT WARNING * * *
Found 5 gold pieces.
You bump into the rock wall.
The orc hits you with a mace.
* * * LOW HITPOINT WARNING * * *
The adder bites you but does no damage.
You bump into the rock wall.
The orc completely misses you. Something barely misses you.
The adder bites you.
* * * LOW HITPOINT WARNING * * *
You hit the orc.
You kill the orc!
The adder bites you.
You die...

###### $##. .#
#....# .#. .#
######..%.# ... .#
#.........## .. .#
#.......)... ##.#.#
#.......#%).
+#....#
#.....###.%.
##..#)#
###.....##...
##...S@#
#............
#.....##
##.#...###....
#...###{####..#..##
##.## ##.
#.##.......# #..#
#.........## ##..
####.{...## ####.
#...#>...# #....
#...###....## #....
..###.......# #....


You could see an adder.

Vanquished Creatures
  An adder (D:2)
  A howler monkey skeleton (D:3)
  A worm (D:2)
  4 dart slugs
  A leopard gecko (D:2)
  An orc (D:3)
  2 giant cockroaches
  4 goblins
  6 hobgoblins
  A quokka (D:3)
  A ball python (D:2)
  5 bats
  2 frilled lizards (D:2)
  8 kobolds
  2 rats
40 creatures vanquished.

Notes
Turn   | Place    | Note
-------+----------+-------------------------------------------
     0 | D:1      | epen the Merfolk Monk began the quest for the Orb.
     0 | D:1      | Reached XP level 1. HP: 18/18 MP: 1/1
   453 | D:1      | Reached XP level 2. HP: 24/24 MP: 2/2
   710 | D:2      | Reached skill level 1 in Armour
   867 | D:2      | Reached XP level 3. HP: 29/30 MP: 3/3
  1572 | D:3      | Noticed Sigmund
  1650 | D:3      | Reached XP level 4. HP: 35/37 MP: 4/4
  2122 | D:3      | HP: 1/37 [adder (2)]
  2123 | D:3      | Slain by an adder

Vault maps used:
D:1:      mrwooster_arrival_statue, hangedman_decor_clover_reticule
D:3:      first_bread, nemelex_diamond_rough_becter, uniq_grinder, uniq_sigmund

Skill      XL: |  1  2  3  4 |
---------------+-------------+-----
Armour         | 1 |  1.6
Fighting       | 4 |  4.0
Polearms       | |  4.9
Dodging        | |  4.3
Stealth        | |  2.1

Action                   |  1- 3 |  4- 6 || total
-------------------------+-------+-------++-------
Melee: Spear             |   123 |    27 ||   150
Throw: Throwing net      |       |     1 ||     1
 Stab: Sleeping          |     7 |       ||     7
       Held in net/web   |       |     1 ||     1
  Eat: Fruit             |     2 |       ||     2
       Chunk             |       |     1 ||     1
Armor: Leather armour    |    12 |     3 ||    15
Dodge: Dodged            |    54 |    13 ||    67
